Map: [ESL] Radhuset Station

Players

cyan - Winner!

  • Race: Protoss Protoss
  • League: Grandmaster
  • Spawn Location: 7:00

lIlIllllllll (TY)

  • Race: Terran Terran
  • League: Master
  • Spawn Location: 1:00

Event: IEM Katowice 2024

VOD

Have the link to the VOD?

Description

Time

  • Played on: Dec. 5, 2023, 5:31 a.m.
  • Length: 15:48

All games in this series

Show
View Real Time Build Order
Export as new Build Order

cyan Protoss - Winner!

Build Orders: 1 Gate Expand, Oracle Opening, Blink Stalkers, Colossus Rush 

Get SALT Encoding   

  12  0:00  Probe  
  13  0:12  Probe  
  14  0:17  Pylon  
  14  0:24  Probe (Chrono Boost)  
  15  0:36  Gateway, Probe (Chrono Boost)  
  16  0:44  Probe (Chrono Boost)  
  16  0:46  Assimilator  
  17  0:51  Probe  
  18  1:03  Probe  
  19  1:15  Probe  
  20  1:24  Nexus  
  20  1:32  Cybernetics Core  
  20  1:35  Probe  
  21  1:42  Assimilator  
  21  1:47  Probe  
  21  1:51  Pylon  
  22  2:00  Probe (Chrono Boost)  
  23  2:09  Warp Gate  
  23  2:12  Sentry, Probe (Chrono Boost)  
  26  2:20  Probe (Chrono Boost)  
  27  2:26  Gateway  
  27  2:27  Probe (Chrono Boost)  
  28  2:30  Oracle  
  28  2:31  Twilight Council  
  28  2:35  Probe (Chrono Boost)  
  31  2:44  Probe (Chrono Boost)  
  31  2:45  Probe (Chrono Boost)  
  31  2:46  Stalker  
  31  2:50  Probe (Chrono Boost)  
  34  2:58  Shield Battery, Probe (Chrono Boost)  
  35  3:01  Blink (Chrono Boost), Probe (Chrono Boost)  
  37  3:05  Probe (Chrono Boost)  
  37  3:10  Probe  
  38  3:16  Stalker  
  38  3:18  Probe  
  41  3:24  Pylon  
  41  3:26  Probe  
  42  3:30  Probe  
  43  3:38  Probe  
  43  3:39  Robotics Facility  
  44  3:43  Probe  
  45  3:50  Probe  
  45  3:55  Probe  
  47  3:58  Stalker x2  
  47  4:02  Probe  
  52  4:05  Nexus  
  52  4:08  Pylon  
  52  4:10  Probe  
  52  4:16  Assimilator x2, Probe  
  54  4:21  Pylon  
  54  4:26  Probe  
  54  4:27  Stalker  
  54  4:29  Observer  
  54  4:30  Stalker  
  60  4:35  Probe  
  61  4:38  Probe  
  61  4:42  Pylon, Forge  
  62  4:47  Probe  
  62  4:50  Probe  
  64  4:56  Robotics Bay  
  66  5:00  Probe  
  66  5:03  Probe  
  67  5:08  Charge  
  67  5:12  Stalker, Probe  
  67  5:13  Stalker  
  72  5:15  Immortal (Chrono Boost), Probe  
  72  5:21  Probe  
  77  5:25  Gateway  
  77  5:41  Stalker x2  
  79  5:43  Probe  
  79  5:47  Probe  
  79  5:49  Colossus (Chrono Boost)  
  80  5:53  Probe  
  85  5:57  Protoss Ground Weapons Level 1 (Chrono Boost)  
  85  5:58  Probe  
  85  6:00  Probe  
  85  6:02  Observer  
  87  6:05  Shield Battery  
  87  6:06  Probe  
  87  6:07  Shield Battery  
  87  6:10  Probe  
  89  6:12  Probe  
  89  6:16  Pylon  
  89  6:18  Pylon, Probe  
  91  6:22  Gateway  
  91  6:25  Gateway  
  91  6:26  Sentry  
  93  6:34  Probe, Pylon  
  93  6:35  Zealot, Probe x2  
  93  6:36  Zealot  
  100  6:40  Colossus  
  100  6:46  Probe  
  107  6:47  Pylon  
  107  6:51  Sentry  
  106  6:54  Probe  
  106  6:57  Nexus  
  107  7:01  Probe  
  107  7:02  Pylon  
  108  7:09  Probe  
  108  7:12  Forge  
  108  7:14  Extended Thermal Lance, Pylon  
  108  7:15  Gateway  
  109  7:21  Gateway  
  109  7:23  Probe x2  
  109  7:24  Gateway  
  109  7:26  Zealot  
  109  7:27  Probe  
  114  7:36  Probe  
  115  7:39  Pylon  
  115  7:40  Colossus  
  115  7:42  Pylon  
  121  7:45  Probe x2  
  121  7:46  Shield Battery  
  121  7:48  Protoss Ground Weapons Level 2 (Chrono Boost), Probe  
  124  7:57  Probe  
  124  7:58  Probe  
  126  8:01  Probe  
  126  8:02  Protoss Ground Armor Level 1 (Chrono Boost)  
  126  8:05  Gateway  
  127  8:06  Gateway  
  127  8:08  Pylon  
  127  8:09  Probe  
  127  8:11  Templar Archives  
  127  8:12  Stalker  
  128  8:13  Assimilator  
  128  8:16  Assimilator  
  128  8:19  Stalker x3  
  134  8:21  Probe x2  
  137  8:27  Probe  
  137  8:28  Assimilator  
  137  8:29  Assimilator, Stargate  
  137  8:31  Probe  
  137  8:33  Probe x2  
  140  8:36  Warp Prism  
  140  8:45  Stalker x2  
  144  8:51  Probe x3  
  144  8:52  Nexus  
  144  8:54  Gravitic Drive  
  147  8:56  Pylon  
  147  9:04  Photon Cannon  
  147  9:05  Photon Cannon  
  147  9:07  Zealot x2, Pylon  
  151  9:13  High Templar, Pylon  
  151  9:14  High Templar  
  151  9:15  Protoss Air Weapons Level 1 (Chrono Boost)  
  155  9:20  Protoss Ground Armor Level 2 (Chrono Boost)  
  155  9:21  High Templar x2, Zealot x3  
  155  9:22  Shield Battery  
  164  9:24  Archon  
  164  9:25  Archon  
  164  9:30  Stalker x3  
  170  9:50  Fleet Beacon  
  170  9:52  Zealot x2  
  172  9:54  Gateway, Protoss Ground Weapons Level 3 (Chrono Boost)  
  172  9:55  Gateway, Pylon  
  174  10:03  Zealot x7  
  164  10:14  Stalker  
  164  10:15  Stalker x2  
  168  10:25  Stargate, Stalker x5  
  168  10:27  Stargate  
  168  10:28  Stalker  
  174  10:36  Stalker  
  174  10:42  Zealot x4  
  166  10:44  Probe x2  
  166  10:45  Probe x2  
  168  10:55  Tempest  
  173  11:01  Protoss Air Weapons Level 2 (Chrono Boost)  
  173  11:02  Zealot x7  
  187  11:08  Cybernetics Core  
  187  11:11  Tempest x2  
  197  11:19  Probe  
  197  11:24  Assimilator  
  194  11:27  Assimilator  
  194  11:30  Zealot x3  
  196  11:48  Tempest  
  189  11:54  Tempest x2  
  197  12:04  Probe  
  197  12:07  Protoss Ground Armor Level 3 (Chrono Boost)  
  198  12:08  Nexus  
  198  12:11  Pylon  
  198  12:12  Pylon  
  198  12:16  Gravitic Boosters  
  198  12:17  Protoss Air Armor Level 1 (Chrono Boost)  
  198  12:35  Protoss Shields Level 1 (Chrono Boost)  
  196  12:42  Tempest (Chrono Boost)  
  196  12:43  Tempest (Chrono Boost)  
  178  12:45  Stalker x12  
  198  12:53  Photon Cannon  
  198  12:55  Photon Cannon  
  198  12:57  Photon Cannon  
  198  12:59  Photon Cannon  
  198  13:00  Shield Battery  
  198  13:03  Shield Battery  
  186  13:07  Shield Battery  
  186  13:08  Stalker x2  
  186  13:11  Pylon  
  163  13:15  Tempest (Chrono Boost)  
  166  13:24  Tempest (Chrono Boost)  
  176  13:28  High Templar x2  
  176  13:29  Tempest (Chrono Boost)  
  176  13:32  Archon  
  180  13:34  Probe x3  
  180  13:37  Unknown  
  183  13:45  Nexus  
  183  13:46  Pylon  
  183  13:47  Tempest (Chrono Boost)  
  182  13:51  Tempest (Chrono Boost)  
  182  13:55  Flux Vanes  
  187  14:02  Assimilator  
  187  14:04  Void Ray, Assimilator, Pylon  
  187  14:07  Zealot x3  
  187  14:08  Zealot  
  195  14:11  Dark Shrine  
  195  14:13  Stalker x2  
  195  14:30  Void Ray  
  188  14:39  Void Ray  
  188  14:40  Zealot x4  
  188  14:41  Zealot x4  
  188  14:44  Tempest  
  196  14:50  Stalker x2  
  199  14:58  Probe x2  
  191  15:02  Probe  
  180  15:08  Stargate  
  180  15:12  Zealot  
  182  15:15  Stargate  
  182  15:16  Stargate  
  182  15:18  Pylon  
  181  15:24  Stalker x3  
  181  15:27  Stalker  
  189  15:36  Stalker x3  
Show
View Real Time Build Order
Export as new Build Order

lIlIllllllll Terran 

Build Orders: Mech 

Get SALT Encoding   

  12  0:00  SCV  
  13  0:12  SCV  
  14  0:18  Supply Depot  
  14  0:24  SCV  
  15  0:39  SCV  
  16  0:43  Barracks  
  16  0:45  Refinery  
  16  0:51  SCV  
  17  1:03  SCV  
  18  1:15  SCV  
  19  1:29  Marine  
  19  1:30  Orbital Command  
  20  1:48  Barracks Reactor, Command Center  
  20  1:56  SCV, Supply Depot  
  21  2:08  Factory  
  21  2:10  SCV  
  22  2:21  Refinery  
  22  2:22  SCV  
  23  2:26  Marine x2  
  25  2:34  SCV  
  26  2:44  Marine x2  
  26  2:47  SCV  
  29  2:52  Starport  
  29  3:00  Orbital Command, SCV  
  29  3:05  Marine x2  
  31  3:12  SCV  
  33  3:13  Widow Mine  
  35  3:24  SCV  
  35  3:26  SCV  
  37  3:28  Marine  
  37  3:29  Marine  
  37  3:32  Fusion Core  
  39  3:34  Starport Tech Lab  
  39  3:35  Factory Tech Lab  
  39  3:36  SCV  
  39  3:38  SCV  
  41  3:46  Supply Depot  
  41  3:48  SCV  
  41  3:52  SCV  
  43  4:00  SCV  
  44  4:04  SCV  
  45  4:12  SCV  
  45  4:15  Supply Depot  
  46  4:20  Battlecruiser  
  46  4:21  SCV  
  53  4:24  SCV  
  53  4:29  Supply Depot  
  54  4:36  Marine  
  54  4:37  SCV x2  
  58  4:42  Command Center  
  58  4:45  Siege Tank  
  60  4:49  SCV x2, Refinery  
  62  4:53  Refinery  
  62  4:54  Marine x2  
  64  5:01  SCV  
  64  5:02  SCV  
  64  5:03  Supply Depot  
  66  5:12  Marine  
  66  5:13  SCV, Marine  
  69  5:15  SCV  
  70  5:29  Battlecruiser  
  70  5:30  Marine x2  
  78  5:52  Siege Tank, SCV  
  78  5:54  SCV  
  78  5:56  Marine x2  
  79  5:59  Engineering Bay  
  79  6:05  SCV  
  79  6:09  SCV  
  81  6:12  Orbital Command, Factory  
  81  6:14  Factory  
  81  6:17  SCV  
  82  6:19  Marine x2, Supply Depot  
  82  6:21  SCV  
  85  6:29  SCV  
  85  6:30  Missile Turret  
  86  6:33  Supply Depot, Missile Turret, SCV  
  86  6:34  Battlecruiser  
  93  6:40  SCV  
  93  6:41  SCV  
  93  6:42  Missile Turret  
  93  6:45  SCV  
  93  6:46  Weapon Refit  
  96  6:52  SCV  
  96  6:53  SCV  
  98  6:57  SCV, Refinery  
  98  6:58  Refinery  
  98  6:59  Factory Tech Lab  
  99  7:04  SCV  
  99  7:05  SCV  
  99  7:06  Armory  
  99  7:07  Missile Turret  
  101  7:09  Siege Tank, SCV  
  101  7:15  Supply Depot  
  107  7:16  SCV, Supply Depot  
  107  7:17  Supply Depot  
  108  7:24  SCV x2  
  108  7:28  SCV  
  109  7:36  Siege Tank, SCV x2  
  116  7:37  Hellion  
  116  7:38  Hellion  
  116  7:39  Supply Depot  
  116  7:40  Battlecruiser  
  116  7:41  Supply Depot  
  123  7:45  SCV  
  123  7:48  SCV  
  123  7:50  Hellion  
  127  7:57  Factory  
  127  7:58  Hellion, Factory  
  129  7:59  Hellion  
  129  8:01  Terran Vehicle Weapons Level 1, SCV x2  
  129  8:02  SCV  
  134  8:09  Hellion  
  134  8:11  Fusion Core, Hellion  
  138  8:18  Missile Turret, SCV  
  138  8:19  SCV  
  140  8:20  Command Center  
  140  8:27  Armory  
  140  8:35  SCV  
  140  8:36  Supply Depot, SCV x2  
  140  8:38  Supply Depot  
  143  8:44  Factory Tech Lab, Factory Reactor  
  145  8:56  Siege Tank  
  145  8:57  Siege Tank  
  145  8:59  Supply Depot  
  145  9:00  Missile Turret, Supply Depot  
  145  9:01  Supply Depot  
  149  9:04  SCV x3, Supply Depot  
  152  9:16  SCV  
  153  9:18  Hellion x2, Battlecruiser  
  153  9:23  Missile Turret  
  165  9:28  Bunker, Sensor Tower  
  165  9:29  Siege Tank  
  166  9:40  SCV x2  
  166  9:41  SCV  
  167  9:48  Bunker  
  167  9:52  SCV x2  
  169  9:53  SCV  
  169  9:57  Siege Tank  
  169  9:58  Hellion  
  169  9:59  Planetary Fortress, Hellion x2  
  179  10:04  SCV x2  
  177  10:13  Siege Tank x2  
  161  10:14  SCV  
  161  10:16  SCV x2  
  161  10:19  Hellion  
  161  10:20  Hellion, Terran Vehicle Weapons Level 2, Terran Vehicle And Ship Armor Level 1  
  168  10:23  Battlecruiser  
  168  10:26  SCV  
  175  10:29  Missile Turret, SCV x2  
  165  10:38  SCV  
  165  10:41  SCV x2  
  155  10:45  Siege Tank x2  
  155  10:46  Hellion x4  
  169  10:51  SCV x2  
  169  10:53  SCV x2  
  169  10:54  Widow Mine  
  175  11:00  Refinery  
  175  11:01  Refinery  
  177  11:07  Missile Turret, Widow Mine  
  177  11:10  Hellion  
  177  11:11  Hellion  
  181  11:15  Siege Tank  
  177  11:33  Siege Tank x2  
  177  11:34  Hellion x2, SCV x2  
  183  11:41  Battlecruiser  
  183  11:45  SCV  
  178  12:04  Bunker  
  178  12:05  Bunker  
  178  12:06  Hellion x3  
  178  12:07  Hellion  
  195  12:15  Missile Turret  
  197  12:16  Command Center  
  195  12:31  Thor x2  
  195  12:35  Terran Ship Weapons Level 1  
  195  12:36  Terran Vehicle And Ship Armor Level 2, Starport  
  198  12:39  Starport  
  192  12:49  Supply Depot  
  192  12:51  Supply Depot  
  192  12:53  Missile Turret, Supply Depot  
  192  12:55  Missile Turret  
  182  13:06  Hellion x10  
  182  13:08  Hellion  
  182  13:11  Thor, Hellion  
  187  13:14  Hellion x2  
  197  13:20  Thor  
  197  13:30  Starport Tech Lab x2  
  197  13:43  Missile Turret  
  197  13:44  Missile Turret  
  193  13:56  Missile Turret  
  193  13:58  Sensor Tower  
  193  13:59  Missile Turret  
  193  14:01  Planetary Fortress  
  193  14:10  Refinery  
  193  14:12  Refinery  
  193  14:14  Battlecruiser  
  193  14:15  Command Center  
  182  14:35  Thor x2  
  181  14:46  SCV x3  
  181  14:48  SCV  
  181  14:51  Thor  
  169  14:58  SCV x2  
  169  14:59  Hellion x3, SCV  
  162  15:00  SCV  
  160  15:10  SCV  
  160  15:11  SCV x2  
  160  15:12  SCV  
  160  15:23  SCV x2  
  154  15:41  Command Center  

Tags
 
Add a new tag
Caveats
  • Supply blocks, unpowered buildings, or Contaminate may cause inaccurate times.
  • Supply counts are checked every 10 seconds.